 Dungeon Crawl Stone Soup version 0.13-a0-2001-g039544c (webtiles) character file.

568 Kae the Chopper (level 6, -6/53 HPs)
             Began as a Lava Orc Berserker on June 25, 2013.
             Was a Priest of Trog.
             Mangled by an ogre
             ... wielding a +2,+0 great mace
              (21 damage)
             ... on Level 5 of the Dungeon.
             The game lasted 00:03:31 (2686 turns).

Kae the Chopper (Lava Orc Berserker)                Turns: 2686, Time: 00:03:31

HP  -6/53        AC  9     Str 22      XL: 6   Next: 25%
MP   5/5         EV 12     Int  7      God: Trog [***...]
Gold 239         SH  0     Dex 10      Spells:  0 memorised,  5 levels left

Res.Fire  : + . .   See Invis. : .   a - +0 orc hand axe {=f}
Res.Cold  : . . .   Warding    : .   b - +0 animal skin
Life Prot.: . . .   Conserve   : .   (no shield)
Res.Poison: .       Res.Corr.  : .   l - +0 helmet
Res.Elec. : .       Clarity    : .   (no cloak)
Sust.Abil.: . .     Spirit.Shd : .   g - +0 pair of gloves
Res.Mut.  : .       Stasis     : .   w - +0 pair of elf boots
Res.Rott. : .       Flight     : .   (no amulet)
Saprovore : + . .                    (no ring)
                                     (no ring)

@: regenerating, quite resistant to hostile enchantments, unstealthy
A: conserve scrolls, saprovore 1
a: Burn Spellbooks, Berserk, Trog's Hand, Renounce Religion


You were on level 5 of the Dungeon.
You worshipped Trog.
Trog was greatly pleased with you.
You were very hungry.

You visited 1 branch of the dungeon, and saw 5 of its levels.

You collected 219 gold pieces.

Inventory:

Hand weapons
 a - a +0,+0 orcish hand axe (weapon) {=f}
Armour
 b - a +0 animal skin (worn)
 g - a +0 pair of gloves (worn)
 l - a +0 helmet (worn)
 w - a +0 pair of elven boots (worn)
Magical devices
 u - a wand of polymorph (9) {unknown}
Comestibles
 c - 2 meat rations
 i - 2 bread rations
 x - a slice of pizza
 A - a choko
Scrolls
 d - 2 scrolls of enchant armour {unknown}
 e - a scroll of curse weapon {unknown}
 f - 2 scrolls of recharging {unknown}
 h - a scroll of fog {unknown}
 k - 2 scrolls of magic mapping {unknown}
 o - 3 scrolls of identify {unknown}
 p - 2 scrolls of teleportation {unknown}
 q - 3 scrolls of remove curse {unknown}
 s - a scroll of random uselessness {unknown}
 y - a scroll of fear {unknown}
 C - a scroll of blinking {unknown}
Jewellery
 m - an uncursed ring of teleport control {unknown}
 G - an uncursed amulet of rage {unknown}
Potions
 j - a potion of speed {unknown}
 n - a potion of agility {unknown}
 r - 2 potions of curing {unknown}
 t - a potion of flight {unknown}
 v - 2 potions of heal wounds {unknown}
 z - a potion of restore abilities {unknown}
 B - 3 potions of poison {unknown}
 D - a potion of slowing {unknown}
 E - 2 potions of invisibility {unknown}
 F - a potion of beneficial mutation {unknown}


   Skills:
 + Level 5.0 Fighting
 * Level 5.8 Axes
 + Level 4.0 Armour
 + Level 2.7 Dodging


You had 5 spell levels left.
You didn't know any spells.

Dungeon Overview and Level Annotations

Branches:
Dungeon (5/27)
 Temple: D:4-7

Altars:
Kikubaaqudgha


Innate Abilities, Weirdness & Mutations

You have stony skin.
You cover ground slowly.
Your flesh is heat resistant.
Your flesh is vulnerable to cold.
Your heat harms attackers.
You bathe your surroundings in blazing heat.
You are too hot to use scrolls.
You are very good at protecting items from fire.
You can tolerate rotten meat.


Message History

You are feeling very hungry.
You climb downwards.
The ogre hits you with a great mace!
There is a stone staircase leading up here.
Unknown command.
Use which ability? (? or * to list)
Your skin crawls.
You feel resistant to hostile enchantments.
You feel slightly more hungry. The ogre hits you with a great mace!
Unknown command.
You hit the ogre.
The ogre is moderately wounded.
You hit the ogre.
The ogre is heavily wounded.
The ogre hits you with a great mace!
* * * LOW HITPOINT WARNING * * *
You hit the ogre.
The ogre is heavily wounded.
Your movements quicken.
The ogre hits you with a great mace!
You die...

...........#
............#
!.............#
...............###
..................#
.............#.....#
.%.........%........#
..............#...####
...............#@...#
................#O..#
................#...#
................#...#
.!......##...########
:.......##...#
........######
......### ......


You could see an ogre.

Vanquished Creatures
  Sigmund (D:2)
  A crimson imp (D:5)
  An orc wizard (D:4)
  A worker ant (D:4)
  Ijyb (D:2)
  7 adders
  3 worms
  2 giant geckos
  2 oozes (D:2)
  3 orcs (D:4)
  9 giant cockroaches
  8 hobgoblins
  6 jackals
  2 quokkas
  2 ball pythons
  8 bats
  A giant newt (D:4)
  5 goblins
  9 kobolds
  11 rats
83 creatures vanquished.

Notes
Turn   | Place    | Note
--------------------------------------------------------------
     0 | D:1      | Kae, the Lava Orc Berserker, began the quest for the Orb.
     0 | D:1      | Reached XP level 1. HP: 19/19 MP: 0/0
   151 | D:1      | Reached skill level 4 in Axes
   151 | D:1      | Reached XP level 2. HP: 16/26 MP: 1/1
   573 | D:1      | Reached XP level 3. HP: 33/33 MP: 2/2
   575 | D:1      | Acquired Trog's second power
  1087 | D:2      | Noticed Sigmund
  1101 | D:2      | Killed Sigmund
  1101 | D:2      | Reached skill level 5 in Axes
  1101 | D:2      | Reached XP level 4. HP: 15/40 MP: 3/3
  1159 | D:2      | Reached XP level 5. HP: 19/46 MP: 4/4
  1214 | D:2      | Noticed Ijyb
  1222 | D:2      | Killed Ijyb
  1452 | D:3      | Found an ancient bone altar of Kikubaaqudgha.
  2254 | D:4      | Reached XP level 6. HP: 49/53 MP: 5/5
  2327 | D:4      | Reached skill level 5 in Fighting
  2428 | D:5      | Entered Level 5 of the Dungeon
  2686 | D:5      | Mangled by an ogre

Action                   |  1- 3 |  4- 6 || total
-------------------------+-------+-------++-------
Melee: Hand axe          |   140 |   148 ||   288
Invok: Berserk           |     1 |     1 ||     2
       Trog's Hand       |       |     3 ||     3
       Burn Spellbooks   |       |     1 ||     1
 Stab: Sleeping          |       |     1 ||     1
